 Dungeon Sprint DCSS version 0.21-a0-630-g344d351 (webtiles) character file.

17420 schets the Impaler (level 12, 130/130 HPs)
             Began as a Minotaur Berserker on Dec 26, 2017.
             Was the Champion of Trog.
             Quit the game in the Dungeon (Sprint IX: "|||||||||||||||||||||||||||||").
             The game lasted 00:06:54 (2811 turns).

schets the Impaler (Minotaur Berserker)             Turns: 2811, Time: 00:06:54

Health: 130/130    AC: 21    Str: 28    XL:     12   Next: 18%
Magic:  11/11      EV: 14    Int:  4    God:    Trog [******]
Gold:   1783       SH:  0    Dex:  9    Spells: 11/11 levels left

rFire    . . .     SeeInvis .   C - +4 glaive (venom)
rCold    . . .     Gourm    .   (shield currently unavailable)
rNeg     . . .     Faith    .   q - +1 chain mail
rPois    .         Spirit   .   (helmet restricted)
rElec    .         Reflect  .   y - +0 cloak
rCorr    .         Harm     .   (no gloves)
MR       .....     NoTele   +   x - +0 pair of boots
Stlth    ..........             (no amulet)
HPRegen  0.31/turn              o - +2 ring of protection
MPRegen  0.12/turn              p - +2 ring of protection

@: no status effects
A: retaliatory headbutt, horns 2
a: Berserk, Trog's Hand, Brothers in Arms, Burn Spellbooks, Renounce Religion


You were in the Dungeon.
You worshipped Trog.
Trog was exalted by your worship.
You were not hungry.

You visited 1 branch You collected 1915 gold pieces.
You spent 132 gold pieces at shops.

Inventory:

Hand Weapons
 a - a +2 antimagic glaive
 n - a +2 halberd of venom
 C - a +4 glaive of venom (weapon)
Missiles
 z - 6 tomahawks of returning (quivered)
 A - 13 curare-tipped needles
 B - 4 needles of sleeping
Armour
 b - a +0 animal skin
 q - a +1 chain mail (worn)
 r - a +0 cloak
 x - a +0 pair of boots (worn)
 y - a +0 cloak (worn)
Jewellery
 o - a +2 ring of protection (left hand)
 p - a +2 ring of protection (right hand)
Wands
 m - a wand of acid (9)
Scrolls
 i - 2 scrolls of blinking
 l - 5 scrolls of remove curse
 t - a scroll of immolation
 u - 6 scrolls of enchant armour
 v - 2 scrolls of enchant weapon
 w - a scroll of fog
Potions
 d - 7 potions of curing
 e - 7 potions of heal wounds
 f - a potion of haste
 g - 4 potions of magic
 h - a potion of berserk rage
 j - 3 potions of might
 k - a potion of invisibility
 s - a potion of agility
 D - a potion of mutation
 E - a potion of lignification
Comestibles
 c - 11 rations


   Skills:
 * Level 19.4 Fighting
 * Level 19.7 Polearms
 + Level 10.9 Throwing
 + Level 14.0 Armour
 + Level 12.8 Dodging


You had 11 spell levels left.
You didn't know any spells.

Dungeon Overview and Level Annotations

Branches:
Dungeon (1/1)

Altars:
Cheibriados
Dithmenos
Elyvilon
Fedhas
Gozag
Hepliaklqana
Kikubaaqudgha
Makhleb
Nemelex Xobeh
Okawaru
Qazlal
Ru
Sif Muna
Trog
Uskayaw
Vehumet
Wu Jian
Xom
Yredelemnul
Zin
The Shining One
Beogh
Jiyva
Lugonu

Shops:
D !!::


Innate Abilities, Weirdness & Mutations

You reflexively headbutt those who attack you in melee.
You have a pair of horns on your head.


Message History

Magic restored.
There is an entrance to Iruwaf's Distillery here.
You eat one of the 12 rations.
That ration really hit the spot!
There is an entrance to Asiug's Distillery here.
You see here a runed halberd {god gift}.
D - a potion of mutation;
E - a potion of lignification Thank you for shopping at Asiug's Distillery!
Things that are here:
a halberd; a robe; an ogre corpse
There is an entrance to Korar's Book Emporium here.
Unknown command.
There is an entrance to Raaluf's Book Shoppe here.
Unknown command.
There is an entrance to Korar's Book Emporium here.
Things that are here:
a halberd; a robe; an ogre corpse
There is an entrance to Korar's Book Emporium here.
There is an entrance to Raaluf's Book Shoppe here.
Unknown command.
Are you sure you want to abandon this character and quit the game? (Confirm with "yes".)

▓|▓.▓.▓.▓.▓
▓)▓.▓.▓.▓.▓
▓.▓.▓.▓.▓∩▓
▓[▓.▓.▓.▓.▓
▓.▓.▓.▓.▓∩▓
▓.▓.▓.▓.▓)▓
▓.▓.▓(▓.▓∩▓
▓'▓.▓.▓.▓.▓
▓)▓.▓.▓.▓@▓
▓.▓.▓.▓.▓.▓
▓.▓.▓'▓.▓.▓
▓)▓.▓.▓.▓.▓
▓)▓.▓.▓.▓.▓
▓.▓.▓[▓.▓.▓
▓'▓.▓[▓)▓+▓
▓.▓.▓.▓.▓
▓.▓.▓.▓.▓


There were no monsters in sight!

Vanquished Creatures
  A dire elephant (D)
  Erolcha (D)
  Josephine (D)
  3 ogre magi (D)
  A tengu warrior (D)
  An orc high priest (D)
  An iron troll (D)
  5 deep trolls (D)
  An ugly thing (D)
  8 elephants (D)
  A polar bear (D)
  4 trolls (D)
  A hippogriff (D)
  2 yaks (D)
  6 wraiths (D)
  A hungry ghost (D)
  2 basilisks (D)
  2 water moccasins (D)
  3 porcupines (D)
  10 orc warriors (D)
  An ice beast (D)
  A black bear (D)
  2 crocodiles (D)
  A bullfrog (D)
  A howler monkey (D)
  A hound (D)
  An orc priest (D)
  2 orc wizards (D)
  An adder (D)
  A shadow imp (D)
  2 adder skeletons (D)
  5 orcs (D)
  A bat zombie (D)
  A goblin (D)
  2 kobolds (D)
  A frilled lizard (D)
  A jackal skeleton (D)
  A rat (D)
81 creatures vanquished.

Vanquished Creatures (collateral kills)
  A hydra (D)
  An orc knight (D)
  A spiny frog (D)
  A komodo dragon (D)
  A yak (D)
  3 orc warriors (D)
  An orc priest (D)
  An orc wizard (D)
  2 orcs (D)
12 creatures vanquished.

Grand Total: 93 creatures vanquished

Notes
Turn   | Place    | Note
-------+----------+-------------------------------------------
     0 | D        | schets the Minotaur Berserker began the quest for the Orb.
     0 | D        | Reached XP level 1. HP: 19/19 MP: 0/0
     8 | D        | Reached ** piety under Trog
   280 | D        | Noticed a hound
   280 | D        | Noticed a howler monkey
   282 | D        | Killed a hound
   282 | D        | Reached skill level 5 in Fighting
   282 | D        | Reached XP level 2. HP: 30/30 MP: 1/1
   282 | D        | Reached XP level 3. HP: 37/37 MP: 2/2
   283 | D        | Reached *** piety under Trog
   289 | D        | Reached XP level 4. HP: 47/47 MP: 3/3
   334 | D        | Found a roughly hewn altar of Beogh.
   334 | D        | Found a snail-covered altar of Cheibriados.
   334 | D        | Found a shadowy altar of Dithmenos.
   334 | D        | Found a white marble altar of Elyvilon.
   334 | D        | Found a blossoming altar of Fedhas.
   334 | D        | Found an opulent altar of Gozag.
   335 | D        | Found a hazy altar of Hepliaklqana.
   336 | D        | Found a viscous altar of Jiyva.
   337 | D        | Found an ancient bone altar of Kikubaaqudgha.
   338 | D        | Found a corrupted altar of Lugonu.
   339 | D        | Found a burning altar of Makhleb.
   340 | D        | Found a sparkling altar of Nemelex Xobeh.
   341 | D        | Found an iron altar of Okawaru.
   342 | D        | Found a stormy altar of Qazlal.
   343 | D        | Found a sacrificial altar of Ru.
   344 | D        | Found a deep blue altar of Sif Muna.
   345 | D        | Found a bloodstained altar of Trog.
   346 | D        | Found a hide-covered altar of Uskayaw.
   347 | D        | Found a radiant altar of Vehumet.
   348 | D        | Found an ornate altar of the Wu Jian Council.
   349 | D        | Found a shimmering altar of Xom.
   350 | D        | Found a basalt altar of Yredelemnul.
   351 | D        | Found a glowing silver altar of Zin.
   352 | D        | Found a glowing golden altar of the Shining One.
   405 | D        | Noticed a wraith
   405 | D        | Noticed a hungry ghost
   405 | D        | Noticed a bullfrog
   410 | D        | Killed a wraith
   410 | D        | Reached **** piety under Trog
   410 | D        | Reached skill level 5 in Armour
   410 | D        | Reached XP level 5. HP: 54/57 MP: 4/4
   414 | D        | Killed a hungry ghost
   414 | D        | Reached skill level 10 in Fighting
   414 | D        | Reached skill level 5 in Dodging
   414 | D        | Reached XP level 6. HP: 65/67 MP: 5/5
   417 | D        | Reached ***** piety under Trog
   443 | D        | Noticed a tengu warrior
   443 | D        | Noticed a cyan ugly thing
   443 | D        | Noticed an ice beast
   461 | D        | Killed a tengu warrior
   461 | D        | Reached XP level 7. HP: 78/78 MP: 6/6
   461 | D        | Reached XP level 8. HP: 85/85 MP: 7/7
   467 | D        | Killed a cyan ugly thing
   470 | D        | Received a gift from Trog
   820 | D        | Noticed a hippogriff
   826 | D        | Reached skill level 5 in Throwing
   828 | D        | Noticed an elephant
   833 | D        | Killed a hippogriff
   833 | D        | Reached XP level 9. HP: 74/95 MP: 8/8
   836 | D        | Received a gift from Trog
   852 | D        | Killed an elephant
   852 | D        | Reached skill level 15 in Polearms
   856 | D        | Reached skill level 10 in Armour
  1049 | D        | Noticed a polar bear
  1049 | D        | Noticed a spiny frog
  1055 | D        | Noticed a seven-headed hydra
  1055 | D        | Killed a polar bear
  1056 | D        | Reached ****** piety under Trog
  1056 | D        | Reached skill level 15 in Fighting
  1058 | D        | Noticed a komodo dragon
  1058 | D        | Received a gift from Trog
  1070 | D        | Killed an eight-headed hydra
  1070 | D        | Reached XP level 10. HP: 15/105 MP: 3/9
  1072 | D        | Killed a spiny frog
  1418 | D        | Noticed an elephant
  1418 | D        | Noticed an elephant
  1418 | D        | Noticed an elephant
  1418 | D        | Noticed an elephant
  1418 | D        | Noticed an elephant
  1418 | D        | Noticed an elephant
  1420 | D        | Killed an elephant
  1421 | D        | Noticed a dire elephant
  1425 | D        | Killed an elephant
  1425 | D        | Received a gift from Trog
  1425 | D        | Reached skill level 10 in Dodging
  1429 | D        | Killed an elephant
  1433 | D        | Killed an elephant
  1447 | D        | Killed a dire elephant
  1452 | D        | Killed an elephant
  1454 | D        | Killed an elephant
  1497 | D        | Noticed an elephant
  1501 | D        | Killed an elephant
  1783 | D        | Noticed Erolcha
  1788 | D        | Killed Erolcha
  1788 | D        | Reached XP level 11. HP: 117/117 MP: 3/10
  1817 | D        | Received a gift from Trog
  1820 | D        | Noticed Josephine
  1831 | D        | Killed Josephine
  1831 | D        | Received a gift from Trog
  2019 | D        | Noticed an orc knight
  2026 | D        | Received a gift from Trog
  2028 | D        | Killed an orc knight
  2028 | D        | Received a gift from Trog
  2032 | D        | Received a gift from Trog
  2301 | D        | Noticed an orc high priest
  2303 | D        | Killed an orc high priest
  2316 | D        | Received a gift from Trog
  2322 | D        | Received a gift from Trog
  2372 | D        | Found Iruwaf's Distillery.
  2372 | D        | Noticed an ogre mage
  2372 | D        | Noticed a deep troll
  2372 | D        | Noticed an ogre mage
  2375 | D        | Killed an ogre mage
  2375 | D        | Received a gift from Trog
  2379 | D        | Killed a deep troll
  2379 | D        | Received a gift from Trog
  2379 | D        | Reached skill level 10 in Throwing
  2381 | D        | Noticed a deep troll
  2388 | D        | Killed an ogre mage
  2395 | D        | Killed a deep troll
  2661 | D        | Found Asiug's Distillery.
  2665 | D        | Found Korar's Book Emporium.
  2667 | D        | Noticed an ogre mage
  2668 | D        | Found Raaluf's Book Shoppe.
  2669 | D        | Noticed a deep troll
  2670 | D        | Noticed a deep troll
  2672 | D        | Noticed an iron troll
  2676 | D        | Killed an ogre mage
  2676 | D        | Received a gift from Trog
  2677 | D        | Noticed a deep troll
  2685 | D        | Killed a deep troll
  2685 | D        | Reached XP level 12. HP: 115/130 MP: 3/11
  2703 | D        | Received a gift from Trog
  2801 | D        | Bought a potion of mutation for 96 gold pieces
  2801 | D        | Bought a potion of lignification for 36 gold pieces
  2811 | D        | Quit the game

Vault maps used:
D:        linesprint

Skill      XL: |  1  2  3  4  5  6  7  8  9 10 11 12 |
---------------+-------------------------------------+-----
Fighting       | 5 7 9 10 12 14 15 17 19 | 19.4
Polearms       | 6 7 9 11 13 14 15 17 19 | 19.7
Armour         | 3 4 5 7 9 10 12 13 14 | 14.0
Dodging        | 3 4 5 6 8 9 11 12 | 12.8
Throwing       | 3 5 7 8 10 | 10.9

Action                   |  1- 3 |  4- 6 |  7- 9 | 10-12 || total
-------------------------+-------+-------+-------+-------++-------
Melee: Spear             |    19 |       |       |       ||    19
       Headbutt          |     2 |     3 |    13 |    42 ||    60
       Halberd           |       |    35 |    39 |       ||    74
       Glaive            |       |       |    14 |   154 ||   168
Invok: Berserk           |     1 |     1 |       |     2 ||     4
       Brothers in Arms  |       |       |     3 |     1 ||     4
       Trog's Hand       |       |       |       |     2 ||     2
Evoke: Wand              |       |     1 |       |       ||     1
  Eat: Chunk             |       |     2 |     2 |     9 ||    13
       Ration            |       |       |       |     1 ||     1
Armor: Animal skin       |     1 |       |       |       ||     1
       Chain mail        |       |    33 |    24 |    51 ||   108
Dodge: Dodged            |     6 |    14 |    20 |    69 ||   109

Table legend:
 A = Spawn XP
 B = Non-spawn XP
 C = Spawn XP percentage of total XP
 D = Spawn monster count
 E = Non-spawn monster count
 F = Spawn count percentage of total count
 G = Total turns spent on level
                    A         B        C        D         E        F      G
               +---------+---------+-------+---------+---------+-------+---------
         Total |       0 |   24886 |   0.0 |       0 |      93 |   0.0 |  2811
               +---------+---------+-------+---------+---------+-------+---------
             D |       0 |   24886 |   0.0 |       0 |      93 |   0.0 |  2811
               +---------+---------+-------+---------+---------+-------+---------
